 Dungeon Crawl Stone Soup version 0.20.0-3-g22ec75f (webtiles) character file.

190 IcySystem the Magician (level 5, -9/31 HPs)
             Began as an Octopode Venom Mage on May 27, 2017.
             Mangled by Edmund
             ... wielding a +1 flail of protection
              (12 damage)
             ... on level 4 of the Dungeon.
             The game lasted 00:10:39 (2541 turns).

IcySystem the Magician (Octopode Venom Mage)        Turns: 2541, Time: 00:10:40

Health: -9/31      AC:  1    Str: 10    XL:     5   Next: 69%
Magic:  0/12       EV: 13    Int: 18    God:
Gold:   90         SH:  0    Dex: 12    Spells: 9/13 levels left

rFire    . . .     SeeInvis .   c - +1 short sword (speed)
rCold    . . .     Gourm    .   (no shield)
rNeg     . . .     Faith    .   (helmet restricted)
rPois    .         Spirit   .   n - amulet of rage
rElec    .         Reflect  .   f - ring of protection from magic
rCorr    .         Harm     .   o - +2 ring of strength
MR       +....                  (no ring)
Stlth    +++.......             (no ring)
Regen    0.1/turn               (no ring)
MPRegen  0.2/turn               (no ring)
                                (no ring)
                                (no ring)

@: very slightly contaminated
A: almost no armour, stealthy swim, amphibious, 8 rings, constrict 8, camouflage
1, gelatinous body 1
a: Evoke Berserk Rage


You were on level 4 of the Dungeon.
You were not hungry.

You visited 1 branch of the dungeon, and saw 4 of its levels.

You collected 90 gold pieces.

Inventory:

Hand Weapons
 c - a +1 short sword of speed (weapon)
 d - a +0 club
Jewellery
 f - a ring of protection from magic (left tentacle)
 n - an amulet of rage (around mantle)
 o - a +2 ring of strength (right tentacle)
Scrolls
 e - 2 scrolls of identify {unknown}
 j - a scroll of remove curse {unknown}
Potions
 g - a potion of might {unknown}
 i - 3 potions of flight {unknown}
 k - a potion of heal wounds {unknown}
 l - a potion of degeneration {unknown}
Books
 a - a Young Poisoner's Handbook

   Spells                             Type                      Level
   a - Sting                          Conjuration/Poison           1
   b - Poisonous Vapours              Poison/Air                   2
   c - Mephitic Cloud                 Conjuration/Poison/Air       3
   d - Olgreb's Toxic Radiance        Poison                       4
   e - Venom Bolt                     Conjuration/Poison           5
Comestibles
 b - 2 bread rations
 h - 4 royal jellies


   Skills:
 - Level 2.0 Dodging
 - Level 3.0 Stealth
 + Level 4.9 Spellcasting
 - Level 1.0 Conjurations
 - Level 4.1 Poison Magic


You had 9 spell levels left.
You knew the following spells:

 Your Spells              Type           Power        Failure   Level  Hunger
a - Sting                 Conj/Pois      ##..         4%          1    None
b - Mephitic Cloud        Conj/Pois/Air  ##......     21%         3    ###....


Dungeon Overview and Level Annotations

Branches:
Dungeon (4/15)
 Temple: D:4-7

Altars:

Annotations:
D:2 1 runed door
D:3 Sigmund
D:4 Edmund; Eustachio; Mercywheel's ghost, amateur BaFi


Innate Abilities, Weirdness & Mutations

You cannot wear most types of armour.
You are very stealthy in the water. (Stealth+)
You are amphibious.
You can wear up to eight rings at the same time.
You can use your tentacles to constrict eight enemies at once.
Your skin changes colour to match your surroundings (Stealth+).
Your rubbery body absorbs attacks. (AC +1, EV +1)


Message History

The sting hits Edmund.
Edmund is heavily wounded.
Edmund closely misses you.
Casting: Sting
Confirm with . or Enter, or press ? or * to list all spells.
Aiming: Sting
Press: ? - help, Shift-Dir - straight line, f/p - Edmund
Aim: Edmund, wielding a flail of protection and wearing a ring mail (heavily wounded)
The sting hits Edmund.
Edmund is poisoned.
Edmund is heavily wounded.
Edmund hits you but does no damage.
You are too injured to fight recklessly!
You are too injured to fight recklessly!
You hit Edmund. Your grab misses Edmund.
Edmund is heavily wounded.
You barely miss Edmund. You grab Edmund.
Edmund is heavily wounded.
You constrict Edmund, but do no damage.
Edmund hits you with a flail of protection!
You die...

#..# #..#
#..# #..##
#...##
##...####
####...#####
###.....#
###.@@#
#####


You could see Edmund.

Vanquished Creatures
  A killer bee (D:4)
  A worker ant (D:4)
  Ijyb (D:3)
  A hound skeleton (D:4)
  3 adders (D:2)
  An ooze (D:2)
  2 dart slugs (D:1)
  4 leopard geckos
  6 bats
  4 giant cockroaches
  2 goblins (D:2)
  6 hobgoblins
  A quokka (D:4)
  A ball python (D:3)
  6 frilled lizards
  7 kobolds
  6 rats
53 creatures vanquished.

Vanquished Creatures (others)
  4 toadstools (D:1)
4 creatures vanquished.

Grand Total: 57 creatures vanquished

Notes
Turn   | Place    | Note
-------+----------+-------------------------------------------
     0 | D:1      | IcySystem the Octopode Venom Mage began the quest for the Orb.
     0 | D:1      | Reached XP level 1. HP: 11/11 MP: 3/3
   258 | D:1      | Reached XP level 2. HP: 11/17 MP: 0/5
   864 | D:1      | Reached XP level 3. HP: 21/21 MP: 7/7
  1297 | D:2      | Reached XP level 4. HP: 27/27 MP: 3/9
  1516 | D:2      | Found a runed door.
  2053 | D:3      | Noticed Sigmund
  2090 | D:4      | Reached XP level 5. HP: 31/31 MP: 8/11
  2100 | D:4      | Noticed Mercywheel's ghost (amateur BaFi)
  2104 | D:4      | Noticed Eustachio
  2361 | D:3      | Noticed Ijyb
  2374 | D:3      | Killed Ijyb
  2480 | D:4      | Noticed Edmund
  2486 | D:4      | Learned a level 3 spell: Mephitic Cloud
  2524 | D:4      | HP: 1/31 [Edmund/flail of protection (8)]
  2541 | D:4      | Mangled by Edmund

Skill      XL: |  1  2  3  4 |
---------------+-------------+-----
Stealth        | 3 |  3.0
Poison Magic   | 4 |  4.1
Spellcasting   | 3 4 |  4.9
Dodging        | |  2.0
Conjurations   | |  1.0

Action                   |  1- 3 |  4- 6 || total
-------------------------+-------+-------++-------
Melee: Unarmed           |     4 |       ||     4
       Club              |     3 |       ||     3
       Tentacles         |     2 |     8 ||    10
       Short sword       |    16 |    33 ||    49
       Constrict         |     5 |     8 ||    13
 Cast: Sting             |    43 |    67 ||   110
 Stab: Sleeping          |     2 |     2 ||     4
  Eat: Chunk             |     1 |     4 ||     5
Armor: Skin              |     4 |     5 ||     9
Dodge: Dodged            |    13 |    41 ||    54
